NCAA
CALIFORNIA GOLDEN BEARS @ DUKE BLUE DEVILS
05/19/2027
 
TOP OF THE 1ST
California Golden Bears batting - Pitching for Duke Blue Devils : LHP Paul Carson
Pitching: LHP Paul Carson
Batting: LHB B.J. Ware 0-0: Ball
1-0: Called Strike
1-1: Ball
2-1: Foul Ball, location: 2F
2-2: Ball
3-2: Fly out, F8 (Flyball, 8LM)
Batting: RHB Mike Ratzlaff 0-0: DOUBLE (Line Drive, 7LM)
Batting: RHB Sergio González 0-0: Foul Ball, location: 2F
0-1: Foul Ball, location: 2F
0-2: Strikes out swinging
Batting: RHB Ed Crockett 0-0: Called Strike
0-1: Ball
1-1: Ball
2-1: Ball
3-1: Called Strike
3-2: Foul Ball, location: 2F
3-2: Foul Ball, location: 2F
3-2: Ground out 4-3 (Groundball, 4)
Top of the 1st over - 0 run(s), 1 hit(s), 0 error(s), 1 left on base; California 0 - Duke 0
BOTTOM OF THE 1ST
Duke Blue Devils batting - Pitching for California Golden Bears : RHP Justin Taylor
Pitching: RHP Justin Taylor
Batting: RHB Matt Osborne 0-0: Ball
1-0: Called Strike
1-1: Ground out 5-3 (Groundball, 5S)
Batting: LHB Cade Brown 0-0: Called Strike
0-1: Called Strike
0-2: Ball
1-2: Strikes out swinging
Batting: LHB Dennis King 0-0: Ball
1-0: Ball
2-0: Ball
3-0: Called Strike
3-1: Base on Balls
Batting: LHB Francisco Ríos 0-0: Swinging Strike
0-1: Ball
1-1: Ball
2-1: Foul Ball, location: 2F
2-2: Foul Ball, location: 2F
2-2: Ball
3-2: Base on Balls
Dennis King to second
Batting: RHB Peter Hernández 0-0: Foul Ball, location: 2F
0-1: Foul Ball, location: 2F
0-2: Strikes out looking
Bottom of the 1st over - 0 run(s), 0 hit(s), 0 error(s), 2 left on base; California 0 - Duke 0
TOP OF THE 2ND
California Golden Bears batting - Pitching for Duke Blue Devils : LHP Paul Carson
Batting: RHB Daniel Moody 0-0: Ball
1-0: Called Strike
1-1: Ball
2-1: Called Strike
2-2: Strikes out swinging
Batting: RHB Bob Cooper 0-0: Called Strike
0-1: Ball
1-1: Called Strike
1-2: Ball
2-2: Ball
3-2: Base on Balls
Batting: RHB Chris Keats 0-0: Called Strike
0-1: Ball
1-1: Ball
2-1: Grounds into double play, 5-4-3 (Groundball, 5)
Top of the 2nd over - 0 run(s), 0 hit(s), 0 error(s), 0 left on base; California 0 - Duke 0
BOTTOM OF THE 2ND
Duke Blue Devils batting - Pitching for California Golden Bears : RHP Justin Taylor
Batting: RHB Randall Walker 0-0: Ball
1-0: SINGLE (Line Drive, 7S)
Batting: SHB Barry Holman 0-0: Called Strike
0-1: Ball
1-1: Foul Ball, location: 2F
1-2: Ball
2-2: Foul Ball, location: 2F
2-2: Ball
3-2: Base on Balls
Randall Walker to second
Batting: RHB Danny Morrison 0-0: Ball
Randall Walker steals 3rd base
Barry Holman to second
1-0: Ball
2-0: Called Strike
2-1: Ball
3-1: Base on Balls
Batting: RHB Bob Ferguson 0-0: Swinging Strike
0-1: Foul Ball, location: 2F
0-2: Ball
1-2: Strikes out swinging
Batting: RHB Matt Osborne 0-0: Ball
1-0: Ball
2-0: Ball
3-0: Base on Balls
Randall Walker scores
Barry Holman to third
Danny Morrison to second
Batting: LHB Cade Brown 0-0: Hit by Pitch
Barry Holman scores
Danny Morrison to third
Matt Osborne to second
Batting: LHB Dennis King 0-0: Ball
1-0: Foul Ball, location: 2F
1-1: Ball
2-1: SINGLE (Groundball, 4MD)
Danny Morrison scores
Matt Osborne to third
Cade Brown to second
Runner from 3rd tries for Home, SAFE, no throw
Batting: LHB Francisco Ríos 0-0: Ball
1-0: Foul Ball, location: 2F
1-1: Ball
2-1: Swinging Strike
2-2: Ball
Passed Ball!
Cade Brown to third
Dennis King to second
3-2: Foul Ball, location: 2F
3-2: Strikes out looking
Batting: RHB Peter Hernández 0-0: Ball
1-0: Ball
2-0: Ball
3-0: Called Strike
3-1: Base on Balls
Batting: RHB Randall Walker 0-0: Ball
1-0: Ball
2-0: Called Strike
2-1: Ball
3-1: Base on Balls
Cade Brown scores
Dennis King to third
Peter Hernández to second
Batting: SHB Barry Holman 0-0: Called Strike
0-1: SINGLE (Groundball, 4D)
Dennis King scores
Peter Hernández to third
Randall Walker to second
Runner from 3rd tries for Home, throw and OUT!
Bottom of the 2nd over - 6 run(s), 3 hit(s), 0 error(s), 2 left on base; California 0 - Duke 6
TOP OF THE 3RD
California Golden Bears batting - Pitching for Duke Blue Devils : LHP Paul Carson
Batting: RHB Cal Cox 0-0: Called Strike
0-1: Ball
1-1: Fly out, F8 (Flyball, 8RM)
Batting: LHB Lee Jenkins 0-0: Ball
1-0: Fly out, F8 (Flyball, 8LS)
Batting: LHB B.J. Ware 0-0: Foul Ball, location: 2F
0-1: Ball
1-1: Ball
2-1: Foul Ball, location: 2F
2-2: Fly out, F7 (Flyball, 7S)
Top of the 3rd over - 0 run(s), 0 hit(s), 0 error(s), 0 left on base; California 0 - Duke 6
BOTTOM OF THE 3RD
Duke Blue Devils batting - Pitching for California Golden Bears : RHP Justin Taylor
Batting: RHB Danny Morrison 0-0: Called Strike
0-1: Fly out, F9 (Flyball, 9S)
Batting: RHB Bob Ferguson 0-0: Called Strike
0-1: Foul Ball, location: 2F
0-2: Ball
1-2: Ball
2-2: Ball
3-2: Base on Balls
Batting: RHB Matt Osborne 0-0: Ball
1-0: Ball
2-0: Ball
3-0: Called Strike
3-1: Base on Balls
Bob Ferguson to second
Pitching: RHP Darrell Barnett
Batting: LHB Cade Brown 0-0: Called Strike
0-1: Ball
1-1: Grounds into double play, 3-6-3 (Groundball, 34)
Bottom of the 3rd over - 0 run(s), 0 hit(s), 0 error(s), 1 left on base; California 0 - Duke 6
TOP OF THE 4TH
California Golden Bears batting - Pitching for Duke Blue Devils : LHP Paul Carson
Batting: RHB Mike Ratzlaff 0-0: Foul Ball, location: 2F
0-1: Ball
1-1: Ball
2-1: Swinging Strike
2-2: Foul Ball, location: 2F
2-2: SOLO HOME RUN (Flyball, 78XD), Distance : 376 ft
Batting: RHB Sergio González 0-0: Swinging Strike
0-1: Ball
1-1: Ball
2-1: Swinging Strike
2-2: Strikes out swinging
Batting: RHB Ed Crockett 0-0: Ball
1-0: Ball
2-0: Foul Ball, location: 2F
2-1: Foul Ball, location: 2F
2-2: Ball
3-2: Foul Ball, location: 2F
3-2: Foul Ball, location: 2F
3-2: Base on Balls
Batting: RHB Daniel Moody 0-0: Ball
1-0: Foul Ball, location: 2F
1-1: Ball
2-1: Foul Ball, location: 2F
2-2: Ball
3-2: Foul Ball, location: 2F
3-2: Base on Balls
Ed Crockett to second
Batting: RHB Bob Cooper 0-0: Ball
1-0: Swinging Strike
1-1: Called Strike
1-2: Strikes out swinging
Batting: RHB Chris Keats 0-0: Ball
1-0: Foul Ball, location: 2F
1-1: Called Strike
1-2: Foul Ball, location: 2F
1-2: Ball
2-2: Foul Ball, location: 2F
2-2: Strikes out swinging
Top of the 4th over - 1 run(s), 1 hit(s), 0 error(s), 2 left on base; California 1 - Duke 6
BOTTOM OF THE 4TH
Duke Blue Devils batting - Pitching for California Golden Bears : RHP Darrell Barnett
Batting: LHB Dennis King 0-0: Called Strike
0-1: SOLO HOME RUN (Flyball, 7D), Distance : 359 ft
Batting: LHB Francisco Ríos 0-0: Called Strike
0-1: Called Strike
0-2: SOLO HOME RUN (Flyball, 89XD), Distance : 371 ft
Batting: RHB Peter Hernández 0-0: Ball
1-0: Called Strike
1-1: Fly out, F2 (Popup, 13)
Batting: RHB Randall Walker 0-0: Ball
1-0: Ball
2-0: Ball
3-0: Called Strike
3-1: Fly out, F9 (Flyball, 9)
Batting: SHB Barry Holman 0-0: DOUBLE (Flyball, 8RD)
Batting: RHB Danny Morrison 0-0: Ball
1-0: Foul Ball, location: 2F
1-1: Ball
2-1: Ground out 6-3 (Groundball, 56)
Bottom of the 4th over - 2 run(s), 3 hit(s), 0 error(s), 1 left on base; California 1 - Duke 8
TOP OF THE 5TH
California Golden Bears batting - Pitching for Duke Blue Devils : LHP Paul Carson
Pitching: RHP Homer Moore
Batting: RHB Cal Cox 0-0: Ball
1-0: Called Strike
1-1: Called Strike
1-2: Strikes out swinging
Batting: LHB Lee Jenkins 0-0: Ball
1-0: Called Strike
1-1: Ball
2-1: Foul Ball, location: 2F
2-2: Ball
3-2: Foul Ball, location: 2F
3-2: Base on Balls
Batting: LHB B.J. Ware 0-0: Ball
1-0: Called Strike
1-1: Ball
2-1: Ball
3-1: Base on Balls
Lee Jenkins to second
Batting: RHB Mike Ratzlaff 0-0: Foul Ball, location: 2F
0-1: Ball
1-1: Fly out, F7 (Flyball, 7LS)
Batting: RHB Sergio González 0-0: Ball
1-0: Called Strike
1-1: Called Strike
1-2: Ball
2-2: Ball
3-2: Foul Ball, location: 2F
3-2: Foul Ball, location: 2F
3-2: Base on Balls
Lee Jenkins to third
B.J. Ware to second
Batting: RHB Ed Crockett 0-0: Fly out, F9 (Flyball, 9S)
Top of the 5th over - 0 run(s), 0 hit(s), 0 error(s), 3 left on base; California 1 - Duke 8
BOTTOM OF THE 5TH
Duke Blue Devils batting - Pitching for California Golden Bears : RHP Darrell Barnett
Batting: RHB Bob Ferguson 0-0: Ball
1-0: Fly out, F7 (Line Drive, 78M)
Batting: RHB Matt Osborne 0-0: Ball
1-0: Called Strike
1-1: Ball
2-1: Foul Ball, location: 2F
2-2: Fly out, F8 (Flyball, 8LM)
Batting: LHB Cade Brown 0-0: Called Strike
0-1: Ball
1-1: Foul Ball, location: 2F
1-2: Ball
2-2: SINGLE (Line Drive, 6M)
Batting: LHB Dennis King 0-0: Foul Ball, location: 2F
0-1: Ball
1-1: Foul Ball, location: 2F
1-2: Ball
2-2: Fly out, F7 (Flyball, 7)
Bottom of the 5th over - 0 run(s), 1 hit(s), 0 error(s), 1 left on base; California 1 - Duke 8
TOP OF THE 6TH
California Golden Bears batting - Pitching for Duke Blue Devils : RHP Homer Moore
Batting: RHB Daniel Moody 0-0: Called Strike
0-1: Ball
1-1: Ball
2-1: Swinging Strike
2-2: Ball
3-2: Foul Ball, location: 2F
3-2: Base on Balls
Batting: RHB Bob Cooper 0-0: Ball
1-0: Fielders Choice at 2nd, 6-4 (Groundball, 6)
Batting: RHB Chris Keats 0-0: Called Strike
0-1: Swinging Strike
0-2: Strikes out swinging
Batting: RHB Cal Cox 0-0: Ball
1-0: Ball
2-0: Foul Ball, location: 2F
2-1: Fly out, F5 (Line Drive, 56)
Top of the 6th over - 0 run(s), 0 hit(s), 0 error(s), 1 left on base; California 1 - Duke 8
BOTTOM OF THE 6TH
Duke Blue Devils batting - Pitching for California Golden Bears : RHP Darrell Barnett
Pitching: RHP Martin Dixon
Batting: LHB Francisco Ríos 0-0: Ground out 4-3 (Groundball, 4)
Batting: RHB Peter Hernández 0-0: SINGLE (Groundball, 34D)
Batting: RHB Randall Walker 0-0: Called Strike
0-1: Called Strike
0-2: Ball
1-2: Foul Ball, location: 2F
1-2: Ball
2-2: Foul Ball, location: 2F
2-2: Foul Ball, location: 2F
2-2: Foul Ball, location: 2F
2-2: Foul Ball, location: 2F
2-2: Ball
3-2: Foul Ball, location: 2F
3-2: Strikes out swinging
Batting: SHB Barry Holman 0-0: Ball
1-0: Called Strike
1-1: Ball
2-1: Ball
3-1: Fielders Choice at 2nd, 4-6 (Groundball, 4)
Bottom of the 6th over - 0 run(s), 1 hit(s), 0 error(s), 0 left on base; California 1 - Duke 8
TOP OF THE 7TH
California Golden Bears batting - Pitching for Duke Blue Devils : RHP Homer Moore
Batting: LHB Lee Jenkins 0-0: Ball
1-0: Ball
2-0: DOUBLE (Flyball, 7D)
Batting: LHB B.J. Ware 0-0: Called Strike
0-1: Ball
1-1: Called Strike
1-2: Foul Ball, location: 2F
1-2: Foul Ball, location: 2F
1-2: Ball
2-2: Ball
3-2: Base on Balls
Pitching: RHP Theron Little
Batting: RHB Mike Ratzlaff 0-0: Swinging Strike
0-1: Foul Ball, location: 2F
0-2: SINGLE (Flyball, 89S)
Lee Jenkins to third
B.J. Ware to second
Batting: RHB Sergio González 0-0: Called Strike
0-1: SINGLE (Groundball, 6MD)
Lee Jenkins scores
B.J. Ware to third
Mike Ratzlaff to second
Runner from 3rd tries for Home, SAFE, no throw
Batting: RHB Ed Crockett 0-0: Ball
1-0: Called Strike
1-1: Swinging Strike
1-2: Ball
2-2: Fly out, F9 (Flyball, 9S)
Batting: RHB Daniel Moody 0-0: Called Strike
0-1: Ball
1-1: Swinging Strike
1-2: Strikes out swinging
Batting: RHB Bob Cooper 0-0: Ball
1-0: Called Strike
1-1: Ball
2-1: Ball
3-1: Foul Ball, location: 2F
3-2: Base on Balls
Mike Ratzlaff to third
Sergio González to second
Batting: RHB Chris Keats 0-0: Ball
1-0: Called Strike
1-1: Foul Ball, location: 2F
1-2: Fly out, F8 (Flyball, 8LM)
Top of the 7th over - 2 run(s), 3 hit(s), 0 error(s), 3 left on base; California 3 - Duke 8
BOTTOM OF THE 7TH
Duke Blue Devils batting - Pitching for California Golden Bears : RHP Martin Dixon
Batting: RHB Danny Morrison 0-0: Called Strike
0-1: Ball
1-1: Foul Ball, location: 2F
1-2: Ball
2-2: Foul Ball, location: 2F
2-2: Ground out 6-3 (Groundball, 6)
Batting: RHB Bob Ferguson 0-0: Foul Ball, location: 2F
0-1: Ball
1-1: Foul Ball, location: 2F
1-2: SINGLE (Flyball, 9LS)
Pitching: RHP Dexter Miller
Batting: RHB Matt Osborne 0-0: Called Strike
0-1: Ball
1-1: Ball
2-1: Ball
3-1: Foul Ball, location: 2F
3-2: Foul Ball, location: 2F
3-2: TRIPLE (Flyball, 8RD)
Bob Ferguson scores
Pitching: RHP Ward Hunter
Batting: LHB Cade Brown 0-0: Ball
1-0: Called Strike
1-1: Ball
2-1: Foul Ball, location: 2F
2-2: Fly out, F8 (Flyball, 78M)
Runner from 3rd tags up, SCORES, throw made
Batting: LHB Dennis King 0-0: Called Strike
0-1: Called Strike
0-2: DOUBLE (Line Drive, 9LM)
Batting: LHB Francisco Ríos 0-0: Swinging Strike
0-1: Ball
1-1: Called Strike
1-2: Ball
2-2: Strikes out looking
Bottom of the 7th over - 2 run(s), 3 hit(s), 0 error(s), 1 left on base; California 3 - Duke 10
TOP OF THE 8TH
California Golden Bears batting - Pitching for Duke Blue Devils : RHP Theron Little
Batting: RHB Cal Cox 0-0: Called Strike
0-1: Swinging Strike
0-2: Foul Ball, location: 2F
0-2: Strikes out swinging
Pitching: RHP James King
Batting: LHB Lee Jenkins 0-0: Called Strike
0-1: Ball
1-1: Ball
2-1: Ground out 4-3 (Groundball, 4)
Batting: LHB B.J. Ware 0-0: Fly out, F1 (Line Drive, 15)
Top of the 8th over - 0 run(s), 0 hit(s), 0 error(s), 0 left on base; California 3 - Duke 10
BOTTOM OF THE 8TH
Duke Blue Devils batting - Pitching for California Golden Bears : RHP Ward Hunter
Batting: RHB Peter Hernández 0-0: SINGLE (Line Drive, 34)
Pitching: LHP Dexter Hubert
Batting: RHB Randall Walker 0-0: Ball
Wild Pitch!
Peter Hernández to second
1-0: Ball
2-0: SINGLE (Groundball, 6MD)
Peter Hernández to third
Pinch Hitting: SHB Luis Romero 0-0: Ball
1-0: Ball
2-0: Called Strike
2-1: Ball
Passed Ball!
Peter Hernández scores
Randall Walker to second
3-1: Ground out 5-3 (Groundball, 56)
Pitching: RHP Gregg Sullivan
Batting: RHB Danny Morrison 0-0: Ball
1-0: Ball
Balk!
Randall Walker to third
2-0: Swinging Strike
2-1: SINGLE (Flyball, 9LS)
Randall Walker scores
Batting: RHB Bob Ferguson 0-0: Swinging Strike
0-1: Foul Ball, location: 2F
0-2: Strikes out swinging
Batting: RHB Matt Osborne 0-0: Ball
1-0: Called Strike
1-1: Ground out 1-3 (Groundball, P)
Bottom of the 8th over - 2 run(s), 3 hit(s), 0 error(s), 1 left on base; California 3 - Duke 12
TOP OF THE 9TH
California Golden Bears batting - Pitching for Duke Blue Devils : RHP James King
Now at 2B: Tomás Sánchez
Batting: RHB Mike Ratzlaff 0-0: Ball
1-0: Ball
2-0: Fly out, F8 (Flyball, 8RD)
Batting: RHB Sergio González 0-0: Foul Ball, location: 2F
0-1: Ball
1-1: Swinging Strike
1-2: Ball
2-2: Ground out 5-3 (Groundball, 5L)
Batting: RHB Ed Crockett 0-0: Ground out 4-3 (Groundball, 4M)
Top of the 9th over - 0 run(s), 0 hit(s), 0 error(s), 0 left on base; California 3 - Duke 12
Thursday, March 30th, 2017 - OOTP Baseball 17.12 Build 75